 Dungeon Crawl Stone Soup version 0.25.1-1-g288607f (webtiles) character file.

Game seed: 16937506385522113597

3592 RonnieColeman the Thaumaturge (level 10, 0/66 HPs)
             Began as an Octopode Conjurer on Sept 13, 2020.
             Was an Initiate of Kikubaaqudgha.
             Slain by a yak (9 damage)
             ... on level 9 of the Dungeon on Sept 14, 2020.
             The game lasted 00:20:09 (10139 turns).

RonnieColeman the Thaumaturge (Octopode Conjurer)  Turns: 10139, Time: 00:20:09

Health: 0/66       AC:  1    Str:  7    XL:     10   Next: 10%
Magic:  22/32      EV: 13    Int: 21    God:    Kikubaaqudgha [......]
Gold:   444        SH:  6    Dex: 13    Spells: 24/27 levels left

rFire    + . .     SeeInvis .   l - +0 falchion (freeze)
rCold    x . .     Gourm    .   w - +1 buckler
rNeg     . . .     Faith    .   (helmet restricted)
rPois    +         Spirit   .   (no amulet)
rElec    .         Reflect  .   f - ring of magical power
rCorr    .         Harm     .   t - ring of poison resistance
MR       .....                  e - ring of fire
Stlth    +++.......             (no ring)
HPRegen  0.21/turn              (no ring)
MPRegen  0.23/turn              (no ring)
                                (no ring)
                                (no ring)

@: no status effects
A: almost no armour, stealthy swim, amphibious, 8 rings, constrict 8, camouflage
1, gelatinous body 1
a: Renounce Religion


You were on level 9 of the Dungeon.
You worshipped Kikubaaqudgha.
Kikubaaqudgha was noncommittal.
You were not hungry.

You visited 2 branches of the dungeon, and saw 10 of its levels.

You collected 444 gold pieces.

Inventory:

Hand Weapons
 c - a +1 dagger
 l - a +0 falchion of freezing (weapon)
Armour
 w - a +1 buckler (worn)
Jewellery
 e - a ring of fire (on tentacle)
 f - a ring of magical power (left tentacle)
 t - a ring of poison resistance (right tentacle)
Wands
 p - a wand of flame (14)
Scrolls
 g - a scroll of magic mapping
 m - a scroll of fog
 n - 4 scrolls of remove curse
 r - a scroll of amnesia
 s - 3 scrolls of teleportation
 u - 2 scrolls of enchant weapon
 y - 2 scrolls of identify
 A - a scroll of enchant armour
Potions
 a - 2 potions of heal wounds
 d - 2 potions of mutation
 h - 4 potions of curing
 i - 3 potions of lignification
 j - 3 potions of flight
 k - a potion of brilliance
 o - a potion of invisibility
 q - 2 potions of ambrosia
 v - a potion of berserk rage
 x - 2 potions of magic {unknown}
 z - 3 potions of haste {unknown}
 B - a potion of degeneration
Comestibles
 b - 10 rations
 C - a chunk of flesh


   Skills:
 - Level 5.0 Fighting
 - Level 2.0 Dodging
 - Level 2.6 Stealth
 - Level 5.0 Shields
 * Level 9.4 Spellcasting
 + Level 8.0 Conjurations


You had 24 spell levels left.
You knew the following spells:

 Your Spells              Type           Power        Failure   Level  Hunger
a - Magic Dart            Conj           ####         1%          1    None
b - Searing Ray           Conj           #####.       1%          2    None

Your spell library contained the following spells:

 Spells                   Type           Power        Failure   Level  Hunger
 Dazzling Flash           Conj/Hex       ####..       4%          3    None
 Corona                   Hex            #......      7%          1    None
 Ensorcelled Hibernation  Hex/Ice        #.....       11%         2    None
 Fulminant Prism          Conj/Hex       ####......   13%         4    ##.....
 Iskenderun's Mystic Bla  Conj/Tloc      ####....     13%         4    ##.....
 Confusing Touch          Hex            #.......     21%         3    None
 Tukima's Dance           Hex            #.......     21%         3    None


Dungeon Overview and Level Annotations

Branches:
Dungeon (9/15)             Temple (1/1) D:7
   Lair: D:8-11         Orc: D:9-12

Altars:
Ashenzari
Cheibriados
Dithmenos
Elyvilon
Fedhas
Gozag
Hepliaklqana
Kikubaaqudgha
Makhleb
Nemelex Xobeh
Okawaru
Qazlal
Ru
Sif Muna
Trog
Uskayaw
Vehumet
Wu Jian
Xom
Yredelemnul
Zin
The Shining One

Shops:
D:6 =


Innate Abilities, Weirdness & Mutations

You cannot wear most types of armour.
You are very stealthy in the water. (Stealth+)
You are amphibious.
You can wear up to eight rings at the same time.
You can use your tentacles to constrict eight enemies at once.
Your skin changes colour to match your surroundings (Stealth+).
Your rubbery body absorbs attacks. (AC +1, EV +1)


Message History

The yak is heavily wounded. (Press . to maintain the ray.)
The searing ray hits the yak!
The yak is moderately wounded.
The searing ray misses the yak.
You block the yak's attack. The yak barely misses you.
The searing ray hits the yak.
The yak is moderately wounded.
The searing ray hits the yak!
The yak is almost dead.
The yak gores you!
* * * LOW HITPOINT WARNING * * *
You block the yak's attack. The yak gores you!
* * * LOW HITPOINT WARNING * * *
You hear the steady creaking of a very distant portcullis.
There is a stone staircase leading up here.
The yak gores you!
You die...
Kikubaaqudgha rasps: "You have failed me!
Welcome... death!"

..#,,,,*,,,,,,,,,,**,,,,#.....#,,
..#######,,,,,,,,,,,,,,,#.....#,,
.รท......######,,,,,,,,,,#.....#,,
)............#######,,,,#.....#,,
...................######.....#,,
..............................#,,
..............................#,,
...(..........................#,,
................@YY...........#,,
........#+###.....Y...........#,,
#########,,,#......####+#.....#,,
*,,,,#......#,,,,#.....#,,
*,,,,#......#,,,,+.....#,,
*,,,,#......#,,,,*,,,,,*,,
*****#......#*****,,,,,***
######## *******


You could see 3 yaks.

Vanquished Creatures
  A deep elf mage (D:9)
  A hornet (D:8)
  2 hungry ghosts (D:7)
  2 yaks (D:9)
  2 ice beasts
  A phantom (D:7)
  A sky beast (D:7)
  2 centaurs
  5 ogres
  3 bullfrogs
  A gnoll sergeant (D:7)
  A wyvern zombie (D:8)
  2 scorpions
  5 crimson imps
  A bullfrog zombie (D:5)
  A hound (D:8)
  A gnoll shaman (D:5)
  2 orc priests
  A bullfrog skeleton (D:7)
  3 centaur skeletons
  Terence (D:2)
  An orc wizard (D:3)
  10 worker ants
  A hound zombie (D:8)
  A hound skeleton (D:4)
  12 gnolls
  2 howler monkey skeletons
  11 adders
  A shadow imp (D:5)
  An ooze (D:4)
  2 adder skeletons
  A worm (D:3)
  2 dart slugs
  4 leopard geckos
  15 orcs
  2 giant cockroaches (D:1)
  7 goblins
  5 hobgoblins
  7 jackals
  A quokka (D:6)
  A ball python (D:1)
  A bat (D:2)
  4 frilled lizards
  7 kobolds
  A quokka skeleton (D:5)
  A quokka zombie (D:5)
  15 rats
155 creatures vanquished.

Notes
Turn   | Place    | Note
-------+----------+-------------------------------------------
     0 | D:1      | RonnieColeman the Octopode Conjurer began the quest for the
                  | Orb.
     0 | D:1      | Reached XP level 1. HP: 11/11 MP: 3/3
   576 | D:1      | Reached XP level 2. HP: 18/18 MP: 5/5
  1462 | D:2      | Reached skill level 1 in Fighting
  1469 | D:2      | Reached XP level 3. HP: 23/23 MP: 7/7
  1888 | D:2      | Noticed Terence
  1894 | D:2      | Reached skill level 3 in Spellcasting
  1898 | D:2      | Learned a level 2 spell: Searing Ray
  1948 | D:2      | Killed Terence
  1948 | D:2      | Reached XP level 4. HP: 14/28 MP: 1/8
  2323 | D:3      | Found a sparkling altar of Nemelex Xobeh.
  2589 | D:3      | Reached XP level 5. HP: 34/34 MP: 10/10
  2911 | D:3      | Found a shattered altar of Ashenzari.
  3037 | D:3      | Reached skill level 4 in Spellcasting
  3037 | D:3      | Reached XP level 6. HP: 34/41 MP: 12/12
  3679 | D:4      | Reached skill level 5 in Conjurations
  3810 | D:4      | Found a shimmering altar of Xom.
  3893 | D:4      | Found a snail-covered altar of Cheibriados.
  4171 | D:4      | Reached skill level 5 in Spellcasting
  4171 | D:4      | Reached XP level 7. HP: 46/46 MP: 6/14
  4793 | D:5      | Entered Level 5 of the Dungeon
  4860 | D:5      | Reached skill level 1 in Shields
  5359 | D:5      | Reached XP level 8. HP: 54/54 MP: 16/16
  5818 | D:6      | Found Wetoawn's Jewellery Shoppe.
  6393 | D:6      | Reached skill level 6 in Spellcasting
  6744 | D:7      | You fall into a shaft and drop 1 floor!
  7017 | D:8      | Noticed a hornet
  7021 | D:8      | Paralysed by a hornet for 2 turns
  7024 | D:8      | Killed a hornet
  7764 | D:8      | Reached XP level 9. HP: 32/59 MP: 19/19
  7939 | D:7      | Reached skill level 7 in Spellcasting
  8316 | D:8      | Reached skill level 5 in Shields
  8496 | D:8      | Reached skill level 5 in Fighting
  8742 | D:7      | Found a staircase to the Ecumenical Temple.
  8751 | Temple   | Entered the Ecumenical Temple
  8784 | Temple   | Became a worshipper of Kikubaaqudgha
  9161 | D:7      | Reached skill level 8 in Spellcasting
  9284 | D:7      | Found a shadowy altar of Dithmenos.
  9401 | D:7      | Found an ornate altar of the Wu Jian Council.
  9411 | D:7      | Found a shimmering blue altar of Sif Muna.
  9845 | D:9      | Noticed a deep elf mage
  9854 | D:9      | Killed a deep elf mage
  9854 | D:9      | Reached skill level 9 in Spellcasting
  9854 | D:9      | Reached XP level 10. HP: 7/66 MP: 23/23
 10139 | D:9      | Slain by a yak

Illustrated notes

Levels and vault maps discovered:
D:1:      sevenhm_arrival_forest_fort_small_3, layout_loops_ring,
          dk_noncrumbling_3
D:2:      layout_loops_ring, uniq_terence
D:3:      layout_loops_ring, nicolae_ashenzari_panopticon,
          nemelex_xobeh_ov_fountains_minmay
D:4:      layout_gridville, kennysheep_mini, kennysheep_slug_shrine, minmay_bent
D:5:      layout_basic, first_ration, hangedman_decor_clover_reticule
D:6:      layout_loops_ring, serial_shops, shop
D:7:      layout_rooms, amethyst_overflow_temple_binary,
          lemuel_temple_firewalk_a, grunt_ogre_cave,
          nicolae_dithmenos_the_darkroom
D:8:      layout_cave_pods
D:9:      layout_gridville, enter_bailey_3
Temple:   lightli_temple_of_artemis

Skill      XL: |  1  2  3  4  5  6  7  8  9 10 |
---------------+-------------------------------+-----
Fighting       | 1 2 3 4 5 |  5.0
Spellcasting   | 3 4 5 6 9 |  9.4
Conjurations   | 5 6 7 8 |  8.0
Shields        | 2 4 5 |  5.0
Dodging        | |  2.0
Stealth        | |  2.6

Action                   |  1- 3 |  4- 6 |  7- 9 | 10-12 || total
-------------------------+-------+-------+-------+-------++-------
Melee: Unarmed           |    14 |       |       |       ||    14
       Dagger            |    65 |    38 |    64 |       ||   167
       Constrict         |    19 |     9 |    10 |     1 ||    39
       Tentacles         |     8 |     7 |    12 |       ||    27
       Falchion          |       |       |     2 |     2 ||     4
 Cast: Magic Dart        |     5 |     6 |    22 |       ||    33
       Searing Ray       |     3 |    22 |    61 |     5 ||    91
  Use: Scroll            |       |       |    23 |       ||    23
 Stab: Sleeping          |     8 |     7 |     5 |       ||    20
  Eat: Chunk             |     3 |     7 |    17 |     2 ||    29
       Ration            |       |       |     1 |       ||     1
Armor: Skin              |     8 |     5 |     4 |       ||    17
Dodge: Dodged            |    71 |    28 |    64 |     7 ||   170
Block: Buckler           |       |       |    24 |     4 ||    28
       Rpst.: Falchion   |       |       |       |     3 ||     3
